AoeStats
← SLIIMSYice

Arena

510738939Analyzed
2v2 RM · 13h ago on Oct 2, 2026· 67m 36s· 4 players
Game mode
Random Map
Map size
Medium (4 player)
Population
200
Speed
Normal
Resources
Standard
Victory
Conquest
Starting age
Dark Age
Ending age
Imperial Age
RankedLock teamsTeams togetherTeam positionsShared explorationLock speedFull tech treeHidden civsTurbo modeCheats
Victory
Defeat
🇺🇸 Burgundians · United States
607
+22
🇹🇷 Malians · Türkiye
525
+25
🇦🇺 Britons · Australia
780
-25
🇦🇺 Celts · Australia
701
-22
BigPapaPump
5:56 Double-Bit Axe
7:53 Wheelbarrow
11:06 Feudal Age
10:31 Horse Collar
12:03 Hand Cart
11:55 Heavy Plow
12:50 Bow Saw
17:53 Gold Mining
17:54 Stone Mining
23:37 Gold Shaft Mining
23:38 Stone Shaft Mining
23:34 Caravan
26:43 Castle Age
27:32 Pikeman
28:13 Squires
29:08 Crop Rotation
29:42 Two-Man Saw
32:24 Forging
32:15 Scale Mail Armor
32:20 Scale Barding Armor
32:16 Padded Archer Armor
32:06 Fletching
33:05 Treadmill Crane
33:21 Murder Holes
33:57 Ballistics
34:16 Iron Casting
34:42 Chain Mail Armor
37:12 Imperial Age
34:34 Light Cavalry
35:15 Husbandry
39:31 Chemistry
38:55 Chain Barding Armor
39:05 Plate Mail Armor
39:36 Blast Furnace
38:31 Bodkin Arrow
38:52 Leather Archer Armor
40:50 Cavalier
40:59 Elite Skirmisher
41:15 Halberdier
44:23 Plate Barding Armor
43:49 Bracer
46:04 Hussar
48:19 Conscription
48:08 Burgundian Vineyards
52:13 Burgundian Vineyards
bunyamnergiz07
14:56 Feudal Age
16:20 Wheelbarrow
15:26 Horse Collar
15:34 Double-Bit Axe
16:27 Gold Mining
16:27 Stone Mining
16:39 Stone Mining
21:41 Castle Age
22:51 Hand Cart
22:47 Bow Saw
23:15 Gold Shaft Mining
22:41 Heavy Plow
29:44 Pikeman
29:44 Man-at-Arms
30:27 Squires
30:12 Arson
31:26 Scale Mail Armor
31:36 Forging
31:26 Scale Mail Armor
31:31 Scale Barding Armor
31:16 Fletching
31:27 Padded Archer Armor
33:20 Caravan
33:50 Coinage
34:42 Iron Casting
34:22 Chain Mail Armor
34:28 Chain Barding Armor
34:08 Padded Archer Armor
37:10 Imperial Age
36:30 Long Swordsman
37:34 Chain Mail Armor
37:39 Chain Barding Armor
37:14 Bodkin Arrow
37:20 Padded Archer Armor
37:19 Light Cavalry
38:09 Bloodlines
37:59 Husbandry
38:35 Capped Ram
38:47 Two-Handed Swordsman
40:07 Plate Mail Armor
40:13 Plate Barding Armor
39:01 Cavalier
41:21 Ballistics
42:01 Chemistry
40:30 Onager
40:32 Elite Skirmisher
40:32 Crossbowman
41:17 Thumb Ring
41:35 Champion
42:58 Leather Archer Armor
45:39 Arbalester
48:37 Ring Archer Armor
50:45 Guilds
51:05 Banking
51:31 Stone Shaft Mining
51:28 Crop Rotation
52:11 Guilds
53:02 Farimba
53:02 Tigui
58:29 Heavy Cavalry Archer
SLIIMSYice
11:32 Feudal Age
12:22 Double-Bit Axe
12:20 Horse Collar
17:40 Castle Age
18:40 Bow Saw
18:33 Heavy Plow
31:13 Imperial Age
29:07 Masonry
28:53 Murder Holes
29:27 Fortified Wall
32:28 Wheelbarrow
31:59 Caravan
32:30 Coinage
32:55 Conscription
33:51 Capped Ram
35:48 Banking
35:29 Guilds
35:49 Elite Woad Raider
36:33 Stronghold
36:49 Gold Mining
36:55 Stone Mining
38:24 Hand Cart
38:56 Gold Shaft Mining
38:45 Siege Ram
41:18 Furor Celtica
48:13 Hoardings
63:27 Heavy Scorpion
DrDripz
0:41 Loom
10:49 Feudal Age
11:34 Double-Bit Axe
15:25 Wheelbarrow
19:39 Horse Collar
19:56 Stone Mining
20:15 Gold Mining
24:55 Castle Age
26:47 Hand Cart
26:18 Town Watch
27:17 Heavy Plow
26:59 Man-at-Arms
27:25 Gambesons
27:40 Squires
28:19 Pikeman
28:46 Arson
31:53 Long Swordsman
36:22 Imperial Age
34:24 Yeomen
34:27 Town Patrol
35:42 Bow Saw
36:27 Gold Shaft Mining
36:01 Padded Archer Armor
36:25 Ballistics
36:48 Caravan
39:05 Elite Longbowman
39:46 Warwolf
40:07 Conscription
39:29 Two-Handed Swordsman
40:46 Crossbowman
40:47 Cranequins
40:48 Elite Skirmisher
42:27 Arbalester
43:53 Guilds
43:35 Halberdier
45:37 Heavy Mounted Crossbowman
46:48 Champion
51:06 Leather Archer Armor
50:41 Fletching
51:02 Forging
50:53 Scale Mail Armor
52:08 Fortified Wall
52:38 Coinage
54:04 Husbandry
54:12 Cavalier
56:49 Heavy Scorpion
58:14 Light Cavalry
Connection lost

Rejoining the realm…

Still unreachable

The connection could not be restored.

Session expired

The server has moved on; the page needs a fresh start.